Map: Eternal Empire LE

Players

FapperDupley

  • Race: Protoss Protoss
  • League: Master
  • Spawn Location: 7:00

FeEbLeNFraiL

  • Race: Protoss Protoss
  • League: Master
  • Spawn Location: 1:00

vvench

  • Race: Terran Terran
  • League: Diamond

KarmasKmart

  • Race: Terran Terran
  • League: Master

VOD

Have the link to the VOD?

Description

Time

  • Played on: Aug. 2, 2020, 2:48 p.m.
  • Length: 7:31
Show
View Real Time Build Order
Export as new Build Order

FapperDupley Protoss 

Build Orders: Colossus Rush 

Get SALT Encoding   

  12  0:00  Probe  
  13  0:12  Probe  
  14  0:19  Pylon  
  14  0:27  Probe  
  15  0:38  Gateway  
  15  0:40  Probe (Chrono Boost)  
  16  0:49  Assimilator  
  16  0:51  Probe (Chrono Boost)  
  17  0:58  Probe  
  18  1:11  Probe  
  19  1:23  Probe  
  20  1:26  Gateway  
  20  1:29  Cybernetics Core  
  20  1:39  Zealot  
  22  1:52  Pylon  
  22  2:21  Warp Gate  
  22  2:26  Adept x2  
  25  2:41  Assimilator  
  25  2:46  Probe  
  25  2:50  Robotics Facility  
  26  2:59  Probe  
  27  3:07  Pylon  
  27  3:11  Probe  
  28  3:27  Nexus  
  28  3:36  Observer  
  29  3:44  Robotics Bay  
  29  3:45  Probe  
  26  3:57  Probe, Gateway  
  27  4:06  Warp Prism (Chrono Boost)  
  29  4:32  Gravitic Drive (Chrono Boost)  
  29  4:39  Disruptor (Chrono Boost)  
  29  4:40  Probe  
  29  4:42  Probe  
  34  4:52  Probe (Chrono Boost)  
  35  4:54  Probe (Chrono Boost)  
  36  5:04  Probe (Chrono Boost), Shield Battery  
  36  5:05  Probe (Chrono Boost)  
  38  5:09  Probe (Chrono Boost), Colossus  
  45  5:17  Stalker  
  47  5:23  Stalker  
  49  5:34  Stalker  
  51  5:49  Zealot  
  53  6:03  Pylon  
  51  6:04  Pylon  
  51  6:06  Pylon  
Show
View Real Time Build Order
Export as new Build Order

FeEbLeNFraiL Protoss 

Build Orders:  

Get SALT Encoding   

  12  0:00  SCV  
  13  0:16  SCV  
  14  0:22  Supply Depot  
  14  0:30  SCV  
  15  0:44  SCV  
  16  0:51  Barracks  
  16  0:57  SCV  
  16  1:00  Refinery  
  17  1:08  Refinery  
  17  1:10  SCV  
  18  1:23  SCV  
  19  1:34  Refinery  
  19  1:36  SCV  
  20  1:47  Reaper  
  20  1:51  Orbital Command  
  21  2:22  Factory  
  21  2:27  Barracks Reactor  
  21  2:34  SCV  
  22  2:41  Command Center  
  22  2:50  SCV  
  22  3:04  Supply Depot  
  22  3:05  SCV  
  23  3:06  Factory Tech Lab  
  23  3:14  Starport  
  23  3:20  Bunker, Supply Depot  
  23  3:27  Marine x2  
  22  3:44  Marine x2  
  23  3:56  Medivac  
  25  4:03  Marine  
  25  4:04  Marine  
  25  4:06  Siege Tank  
  30  4:21  Marine x2  
  34  4:38  Hellion  
  34  4:39  Marine x2  
  36  4:57  Marine x2  
  40  5:00  Widow Mine  
  40  5:15  Marine x2  
  40  5:21  Hellion  
  44  5:34  Marine x2  
  46  5:43  Hellion  
  10  6:55  Marine  
  8  7:02  Marine  
Show
View Real Time Build Order
Export as new Build Order

vvench Terran 

Build Orders:  

Get SALT Encoding   

Show
View Real Time Build Order
Export as new Build Order

KarmasKmart Terran 

Build Orders:  

Get SALT Encoding   

Tags
 
Add a new tag
Caveats
  • Supply blocks, unpowered buildings, or Contaminate may cause inaccurate times.
  • Supply counts are checked every 10 seconds.